AoeStats
← arthur

African Clearing

510513987Analyzed
3v3 RM · 2d ago on Oct 1, 2026· 43m 22s· 6 players
Game mode
Random Map
Map size
Normal (6 player)
Population
200
Speed
Normal
Resources
Standard
Victory
Conquest
Starting age
Dark Age
Ending age
Imperial Age
RankedLock teamsTeams togetherTeam positionsShared explorationLock speedFull tech treeHidden civsTurbo modeCheats
Victory
Defeat
🇦🇺 Malians · Australia
1535
+10
🇦🇺 Varangians · Australia
1290
+19
🇦🇺 Persians · Australia
1272
+20
🇹🇼 Mongols · Taiwan
1396
-17
🇹🇼 Vikings · Taiwan
1371
-16
🇫🇷 Mongols · France
1367
-16
Farmer Tunn
7:44 Loom
14:29 Feudal Age
17:58 Castle Age
16:48 Double-Bit Axe
18:51 Town Watch
19:42 Bow Saw
23:28 Horse Collar
25:45 Heavy Plow
26:19 Scale Barding Armor
26:25 Forging
26:54 Bloodlines
27:37 Chain Barding Armor
30:01 Husbandry
30:39 Iron Casting
30:42 Gold Mining
37:42 Imperial Age
38:22 Wheelbarrow
38:37 Plate Barding Armor
37:26 Cavalier
39:13 Blast Furnace
40:32 Savar
Sp Bro
10:35 Loom
12:52 Feudal Age
17:11 Castle Age
15:56 Double-Bit Axe
18:14 Bow Saw
18:07 Fishing Lines
21:05 Horse Collar
27:04 Gillnets
29:07 Wheelbarrow
32:59 Imperial Age
31:47 Heavy Plow
32:10 Forging
32:00 Gold Mining
33:03 Scale Mail Armor
35:58 Elite Gbeto
38:03 Iron Casting
37:43 Chain Mail Armor
40:55 Fletching
42:59 Chemistry
41:40 Treadmill Crane
43:49 Squires
43:35 Arson
44:21 Plate Mail Armor
43:48 Bodkin Arrow
Hemsy124
9:02 Loom
11:25 Feudal Age
15:43 Bloodlines
16:34 Wheelbarrow
24:37 Castle Age
24:56 Double-Bit Axe
24:52 Horse Collar
24:48 Light Cavalry
25:29 Husbandry
27:43 Scale Barding Armor
30:52 Vendel Legacy
34:28 Bow Saw
34:19 Heavy Plow
35:50 Chain Barding Armor
42:06 Forging
小八蕊
11:40 Feudal Age
12:29 Double-Bit Axe
14:08 Loom
16:26 Horse Collar
19:19 Castle Age
18:16 Gold Mining
20:23 Bow Saw
20:15 Heavy Plow
21:45 Scale Mail Armor
22:45 Town Watch
23:23 Squires
24:32 Forging
24:29 Arson
25:10 Stone Mining
27:27 Chain Mail Armor
26:33 Man-at-Arms
31:37 Gold Shaft Mining
34:29 Imperial Age
32:02 Fletching
34:00 Iron Casting
33:21 Bodkin Arrow
35:53 Masonry
35:41 Elite Varangian Guard
38:50 Plate Mail Armor
arthur
8:52 Loom
11:31 Feudal Age
12:05 Double-Bit Axe
14:42 Forging
15:35 Scale Barding Armor
16:49 Horse Collar
22:53 Wheelbarrow
26:04 Castle Age
24:04 Gold Mining
25:13 Bloodlines
27:19 Chain Barding Armor
27:04 Heavy Plow
27:48 Bow Saw
28:06 Husbandry
No_English
7:23 Loom
12:54 Feudal Age
17:06 Castle Age
15:32 Double-Bit Axe
15:52 Horse Collar
23:16 Wheelbarrow
22:55 Fletching
24:02 Bodkin Arrow
24:30 Heavy Plow
24:28 Town Watch
27:10 Padded Archer Armor
27:27 Hand Cart
28:46 Ballistics
30:04 Gold Mining
34:10 Imperial Age
35:06 Bracer
36:02 Parthian Tactics
36:33 Thumb Ring
37:56 Leather Archer Armor
38:13 Bloodlines
38:16 Husbandry
39:03 Bow Saw
40:08 Murder Holes
Connection lost

Rejoining the realm…

Still unreachable

The connection could not be restored.

Session expired

The server has moved on; the page needs a fresh start.